 Dungeon Crawl Stone Soup version 0.29.0-5-ge4962eb29e (webtiles) character file.

Game seed: 13434141389709185765

221 ImASeal the Magician (level 6, -7/41 HPs)
             Began as a Djinni Fire Elementalist on Aug 27, 2022.
             Mangled by Blork the orc
             ... wielding a +0 battleaxe
              (18 damage)
             ... on level 4 of the Dungeon.
             The game lasted 00:17:00 (5521 turns).

ImASeal the Magician (Djinni Fire Elementalist)     Turns: 5521, Time: 00:17:00

Health: -7/41      AC:  2    Str:  7    XL:     6   Next: 19%
Gold:   246        EV: 13    Int: 19    God:
                   SH:  0    Dex: 19

rFire   + + .      SeeInvis .   c - staff of death
rCold   x . .      Faith    .   (no shield)
rNeg    + . .      Spirit   .   a - +0 robe
rPois   ∞          Reflect  .   (no helmet)
rElec   .          Harm     .   (no cloak)
rCorr   .          Rampage  .   (no gloves)
Will    .....                   (boots unavailable)
Stlth   ++........              (no amulet)
HPRegen 0.13/turn               s - +6 ring of dexterity
MPRegen 0.00/turn               (no ring)

@: flying
A: sickness immunity, fire resistance 2, cold vulnerability 1, float, innate
caster, HP casting, extra vitality 1
a: no special abilities


You were on level 4 of the Dungeon.
You visited 1 branch of the dungeon, and saw 4 of its levels.

You collected 246 gold pieces.

Inventory:

Armour
 a - a +0 robe (worn)
 o - a +0 pair of boots
Magical Staves
 c - a staff of death (weapon)
Jewellery
 s - a +6 ring of dexterity (left hand)
Wands
 g - a wand of iceblast (10)
Scrolls
 d - 4 scrolls of identify
 i - 2 scrolls of blinking {unknown}
 j - a scroll of teleportation {unknown}
 k - a scroll of enchant weapon {unknown}
 l - a scroll of magic mapping {unknown}
 m - a scroll of butterflies {unknown}
 n - 2 scrolls of fear {unknown}
 v - a scroll of vulnerability {unknown}
Potions
 b - 2 potions of might {unknown}
 e - 2 potions of lignification {unknown}
 h - a potion of degeneration {unknown}
 p - a potion of attraction {unknown}
 q - 2 potions of brilliance {unknown}
 r - 2 potions of mutation {unknown}
 t - a potion of haste {unknown}
 u - a potion of flight {unknown}


   Skills:
 + Level 0.4 Fighting
 + Level 2.5 Dodging
 + Level 2.4 Stealth
 + Level 4.5 Spellcasting


You couldn't memorise any spells.
You knew the following spells:

 Your Spells              Type           Power      Damage    Failure   Level
a - Foxfire               Conj/Fire      84%        2x1d8     1%          1
b - Scorch                Fire           42%        2d7       3%          2
c - Conjure Flame         Conj/Fire      21%        6-21      6%          3
d - Inner Flame           Hex/Fire       21%        N/A       6%          3
e - Flame Wave            Conj/Fire      21%        2d8       21%         4
f - Apportation           Tloc           42%        N/A       1%          1
g - Poisonous Vapours     Pois/Air       42%        N/A       3%          2
Your spell library was empty.

Dungeon Overview and Level Annotations

Branches:
Dungeon (4/15)
 Temple: D:4-7

Altars:
Qazlal

Annotations:
D:4 Blork the orc


Innate Abilities, Weirdness & Mutations

You are immune to sickness and miasma.
You are immune to poison.
Your flesh is very heat resistant. (rF++)
You are vulnerable to cold. (rC-)
You float through the air rather than walking.
You learn spells naturally, not from books.
Your magical power is your life essence.
You have superior vitality. (+4 MHP)


Message History

Blork the orc resists.
Blork the orc is lightly wounded.
The foxfire hits Blork the orc but does no damage.
Blork the orc is lightly wounded.
Your foxfire dissipates!
The foxfire hits Blork the orc but does no damage.
Blork the orc is lightly wounded.
Blork the orc casts a spell at you. The puff of frost hits you!
You feel a terrible chill!
Casting: Foxfire (safe; 1% risk of failure)
Confirm with . or Enter, or press ? or * to list all spells.
You conjure some foxfire!
Blork the orc hits you with a +0 battleaxe.
Blork the orc attacks as you move away!
Blork the orc hits you with a +0 battleaxe!!
* * * LOW HITPOINT WARNING * * *
An adder comes into view.
The foxfire hits Blork the orc but does no damage.
Blork the orc is lightly wounded.
The foxfire hits Blork the orc.
Blork the orc resists.
Blork the orc is lightly wounded.
You feel much better.
Blork the orc hits you with a +0 battleaxe!
Blork the orc gestures at you while chanting.
The magic dart hits you!
Unknown command.
You feel agile.
s - a +6 ring of dexterity (left hand)
Casting: Foxfire (safe; 1% risk of failure)
Confirm with . or Enter, or press ? or * to list all spells.
Okay, then.
Casting: Foxfire (safe; 1% risk of failure)
Confirm with . or Enter, or press ? or * to list all spells.
Flames lash Blork the orc.
Blork the orc completely resists.
* * * LOW HITPOINT WARNING * * *
Blork the orc points at you and mumbles some strange words.
The puff of flame hits you. You resist.
* * * LOW HITPOINT WARNING * * *
Blork the orc hits you with a +0 battleaxe!!
You die...

... ############ ##
#.....###...........
..###.........##########
..........##...........#
..../..................'
...S...................#
.............#.......#..
........#.#########..#.#
.......@..##.........#.#
#####.#.o..#.#####.#.#.#
# #.#.##.#####.#...#
#.#.##.....#.#...#
#.....####.#.#....
#...#.# #.#.#...#
.......#.# #.#.#....
###.#..#.# #.#.#....
........# #.#.#....


You could see Blork the orc (fast) and an adder.

Vanquished Creatures
  An ogre (D:4)
  An iguana (D:4)
  3 adders
  A white imp (D:4)
  An ufetubus (D:4)
  A worm (D:3)
  2 dart slugs
  2 orcs (D:3)
  2 ball pythons
  11 endoplasms
  4 giant cockroaches
  5 goblins
  4 hobgoblins
  4 jackals (D:2)
  2 kobolds (D:3)
  4 quokkas
  10 bats
  3 frilled lizards (D:2)
  7 rats
68 creatures vanquished.

Vanquished Creatures (others)
  339 foxfires
339 creatures vanquished.

Grand Total: 407 creatures vanquished

Notes
Turn   | Place    | Note
-------+----------+-------------------------------------------
     0 | D:1      | ImASeal the Djinni Fire Elementalist began the quest for
                  | the Orb.
     0 | D:1      | ImASeal set off with the following spells memorised:
                  | Foxfire, Scorch, Conjure Flame, Inner Flame, Flame Wave.
     0 | D:1      | Reached XP level 1. HP: 15/15 MP: 0/0
   405 | D:1      | Reached XP level 2. HP: 15/21 MP: 0/0
  1103 | D:1      | Reached skill level 3 in Spellcasting
  1376 | D:1      | Reached XP level 3. HP: 18/25 MP: 0/0
  1376 | D:1      | Learned a level 1 spell: Apportation
  2753 | D:2      | Reached XP level 4. HP: 24/31 MP: 0/0
  4735 | D:4      | Reached XP level 5. HP: 18/35 MP: 0/0
  4735 | D:4      | Learned a level 2 spell: Poisonous Vapours
  4744 | D:4      | Noticed an ogre
  5172 | D:4      | Noticed an ogre
  5172 | D:4      | Noticed a black bear
  5184 | D:4      | Killed an ogre
  5185 | D:4      | Reached skill level 4 in Spellcasting
  5185 | D:4      | Reached XP level 6. HP: 33/40 MP: 0/0
  5264 | D:4      | Found a stormy altar of Qazlal.
  5510 | D:4      | Noticed Blork the orc
  5521 | D:4      | Mangled by Blork the orc

Illustrated notes

Levels and vault maps discovered:
D:1:      heliophobic_arrival_ceremonial_halls, layout_basic, st_stairs_7
D:2:      layout_rooms, hangedman_decor_diamond_cutter
D:3:      layout_loops_corners, minmay_pentomino_pile
D:4:      layout_basic, nicolae_vehumet_radiance,
          nicolae_overflow_hidden_temple, uniq_blork_the_orc

Skill      XL: |  1  2  3  4  5 |
---------------+----------------+-----
Spellcasting   | 3 4 |  4.5
Stealth        | 2 |  2.4
Fighting       | |  0.4
Dodging        | |  2.5

Action                   |  1- 3 |  4- 6 || total
-------------------------+-------+-------++-------
Melee: Unarmed           |     1 |       ||     1
 Cast: Foxfire           |   123 |   111 ||   234
       Scorch            |     6 |    15 ||    21
  Use: Potion            |       |     3 ||     3
       Scroll            |       |     1 ||     1
Armor: Robe              |     1 |     9 ||    10
Dodge: Dodged            |     5 |    19 ||    24
